 Dungeon Crawl Stone Soup version 0.25-a0-458-g6fc7858 (webtiles) character file.

Game seed: 12213242295980500602, levelgen mode: deterministic

40 relicbr the Chiller (level 3, -8/24 HPs)
             Began as a Merfolk Ice Elementalist on Feb 2, 2020.
             Mangled by an ogre
             ... wielding a +0 giant spiked club
              (20 damage)
             ... on level 2 of the Dungeon.
             The game lasted 00:03:23 (1213 turns).

relicbr the Chiller (Merfolk Ice Elementalist)      Turns: 1213, Time: 00:03:24

Health: -8/24      AC:  3    Str:  8    XL:     3   Next: 50%
Magic:  1/6        EV: 12    Int: 15    God:
Gold:   26         SH:  0    Dex: 14    Spells: 2/6 levels left

rFire    . . .     SeeInvis .   i - +1 dagger (drain)
rCold    . . .     Gourm    .   (no shield)
rNeg     . . .     Faith    .   f - +0 leather armour
rPois    .         Spirit   .   (no helmet)
rElec    .         Reflect  .   (no cloak)
rCorr    .         Harm     .   (no gloves)
MR       .....                  (no boots)
Stlth    ++........             (no amulet)
HPRegen  0.08/turn              (no ring)
MPRegen  0.10/turn              (no ring)

@: no status effects
A: change form in water, swift swim, stealthy swim
a: no special abilities


You were on level 2 of the Dungeon.
You were hungry.

You visited 1 branch of the dungeon, and saw 2 of its levels.

You collected 26 gold pieces.

Inventory:

Hand Weapons
 i - a +1 dagger of draining (weapon)
Armour
 f - a +0 leather armour (worn)
Scrolls
 b - 2 scrolls of remove curse {unknown}
 k - a scroll of identify {unknown}
Potions
 a - a potion of degeneration {unknown}
 e - 2 potions of might {unknown}
 h - 2 potions of ambrosia {unknown}
 j - a potion of curing {unknown}
 l - a potion of resistance {unknown}
Comestibles
 c - 2 rations
 g - 4 chunks of flesh


   Skills:
 - Level 2.6 Dodging
 - Level 2.1 Stealth
 - Level 2.0 Spellcasting
 * Level 5.7 Ice Magic


You had 2 spell levels left.
You knew the following spells:

 Your Spells              Type           Power        Failure   Level  Hunger
a - Freeze                Ice            ###.         3%          1    #......
b - Ozocubu's Armour      Chrm/Ice       ##......     30%         3    ###....

Your spell library contained the following spells:

 Spells                   Type           Power        Failure   Level  Hunger
 Hailstorm                Conj/Ice       ##......     69%         4    #####..
 Summon Ice Beast         Ice/Summ       ##......     69%         4    #####..


Dungeon Overview and Level Annotations

Branches:
Dungeon (2/15)

Altars:


Message History

You freeze the ogre!
The ogre is heavily wounded.
The ogre barely misses you.
Casting: Freeze (safe; 3% risk of failure)
Confirm with . or Enter, or press ? or * to list all spells.
Aiming: Freeze (safe; 3% risk of failure)
Press: ? - help, Shift-Dir - straight line, f/p - ogre
Aim: an ogre, wielding a +0 giant spiked club (heavily wounded)
You freeze the ogre.
The ogre is heavily wounded.
Casting: Freeze (safe; 3% risk of failure)
Confirm with . or Enter, or press ? or * to list all spells.
Aiming: Freeze (safe; 3% risk of failure)
Press: ? - help, Shift-Dir - straight line, f/p - ogre
Aim: an ogre, wielding a +0 giant spiked club (heavily wounded)
You freeze the ogre!
The ogre is severely wounded.
The ogre hits you with a +0 giant spiked club!!
Ouch! That really hurt!
You die...

......... ....
........## ....
....%....# [....
#.# ## .........#
###.... ..#..#
....$....###(.....
#.##.#
.............#
#..#.#
.....(.......#
#....###
.........###O##
##.....#.
.(.......# #@>##
##........
.........# ##..###
#.........
.........# ##...#
#.........
....(...#
###.###.........
........#
#..##.........
........#
##.##.........
#.###......).
##.##.......#.
#........#####


You could see an ogre.

Vanquished Creatures
  2 oozes
  A worm (D:2)
  A dart slug (D:1)
  A leopard gecko (D:2)
  A ball python (D:1)
  2 giant cockroaches
  2 goblins (D:1)
  2 hobgoblins (D:1)
  7 bats
  2 kobolds (D:1)
  6 rats
27 creatures vanquished.

Notes
Turn   | Place    | Note
-------+----------+-------------------------------------------
     0 | D:1      | relicbr the Merfolk Ice Elementalist began the quest for
                  | the Orb.
     0 | D:1      | Reached XP level 1. HP: 13/13 MP: 3/3
   140 | D:1      | Reached XP level 2. HP: 19/19 MP: 0/5
   189 | D:1      | Reached skill level 5 in Ice Magic
   542 | D:1      | Reached XP level 3. HP: 24/24 MP: 6/6
  1164 | D:2      | Learned a level 3 spell: Ozocubu's Armour
  1167 | D:2      | Noticed an ogre
  1213 | D:2      | Mangled by an ogre

Levels and vault maps discovered:
D:1:      dpeg_arrival_windows_large_door, layout_basic, minivault_4,
          minmay_pentomino_x2
D:2:      layout_rooms, lemuel_doored_altar, first_ration,
          minmay_misc_feat_nine_boxes

Skill      XL: |  1  2 |
---------------+-------+-----
Ice Magic      | 5 |  5.7
Dodging        | |  2.6
Stealth        | |  2.1
Spellcasting   | |  2.0

Action                   || total
-------------------------++-------
Melee: Dagger            ||    23
       Unarmed           ||     1
Throw: Javelin           ||     6
 Cast: Freeze            ||    38
 Stab: Sleeping          ||     1
  Eat: Chunk             ||     1
Armor: Robe              ||     5
       Leather armour    ||    18
Dodge: Dodged            ||    50

Table legend:
 A = Non-vault XP
 B = Vault XP
 C = Vault XP percentage of total XP
 D = Non-vault monster count
 E = Vault monster count
 F = Vault count percentage of total count
                 A         B        C        D         E       F
            +---------+---------+-------+---------+---------+-------
      Total |      57 |       1 |   1.7 |      26 |       1 |   3.7
            +---------+---------+-------+---------+---------+-------
        D:1 |      33 |       1 |   2.9 |      16 |       1 |   5.9
        D:2 |      24 |       0 |   0.0 |      10 |       0 |   0.0
            +---------+---------+-------+---------+---------+-------
